 Dungeon Crawl Stone Soup version 0.20.1-1-g8b1a95d (webtiles) character file.

102 Linguinho the Sneak (level 4, -3/33 HPs)
             Began as a Demonspawn Assassin on Oct 29, 2017.
             Slain by an orc
             ... wielding a +0 flail
              (5 damage)
             ... on level 2 of the Dungeon.
             The game lasted 00:03:50 (2115 turns).

Linguinho the Sneak (Demonspawn Assassin)           Turns: 2115, Time: 00:03:51

Health: -3/33      AC:  3    Str: 11    XL:     4   Next: 50%
Magic:  4/4        EV: 12    Int: 12    God:
Gold:   133        SH:  0    Dex: 16    Spells: 3/3 levels left

rFire    . . .     SeeInvis .   a - +2 dagger
rCold    . . .     Gourm    .   (no shield)
rNeg     . . .     Faith    .   c - +0 robe
rPois    .         Spirit   .   (helmet restricted)
rElec    .         Reflect  .   d - +0 cloak
rCorr    .         Harm     .   (no gloves)
MR       .....                  (no boots)
Stlth    +++.......             (no amulet)
Regen    0.2/turn               (no ring)
MPRegen  0.1/turn               (no ring)

@: no status effects
A: horns 1
a: no special abilities


You were on level 2 of the Dungeon.
You were not hungry.

You visited 1 branch of the dungeon, and saw 3 of its levels.

You collected 133 gold pieces.

Inventory:

Hand Weapons
 a - a +2 dagger (weapon)
 b - a +0 blowgun
 m - a +0 short sword
 t - a +0 dagger
Missiles
 e - 23 poisoned needles
 f - 2 curare-tipped needles
Armour
 c - a +0 robe (worn)
 d - a +0 cloak (worn)
 p - a +0 helmet
Jewellery
 i - a +5 ring of strength {unknown}
 j - an uncursed ring of ice {unknown}
 s - an uncursed ring of poison resistance {unknown}
Scrolls
 h - 2 scrolls of remove curse {unknown}
 l - a scroll of magic mapping {unknown}
 n - a scroll of recharging {unknown}
 o - a scroll of random uselessness {unknown}
 q - 3 scrolls of identify {unknown}
 v - a scroll of fear {unknown}
 w - 2 scrolls of blinking {unknown}
Potions
 r - a potion of curing {unknown}
 u - a potion of ambrosia {unknown}
 x - a potion of berserk rage {unknown}
Comestibles
 g - a bread ration
 k - 2 meat rations


   Skills:
 - Level 2.0 Fighting
 + Level 2.4 Short Blades
 - Level 1.7 Throwing
 - Level 0.8 Dodging
 + Level 5.4 Stealth


You had 3 spell levels left.
You didn't know any spells.

Dungeon Overview and Level Annotations

Branches:
Dungeon (3/15)

Altars:


Innate Abilities, Weirdness & Mutations

You have a pair of small horns on your head.


Message History

The orc closely misses you.
You hit the orc but do no damage.
The orc is heavily wounded.
The orc hits you with a club.
* * * LOW HITPOINT WARNING * * *
The orc misses you. The orc hits you with a flail.
* * * LOW HITPOINT WARNING * * *
You hit the orc. Your headbutt misses the orc.
The orc is almost dead.
The orc hits you with a club.
* * * LOW HITPOINT WARNING * * *
The orc barely misses you.
You closely miss the orc. Your headbutt misses the orc.
The orc is almost dead.
The orc barely misses you. The orc hits you with a club.
* * * LOW HITPOINT WARNING * * *
You barely miss the orc. You headbutt the orc.
You kill the orc!
The orc hits you with a flail.
You die...

##### ....#####
###.#.(.########
....#.#........#
........######.#
.##.##### #.#
....# ####.####
###.# #....)@o#
###.# #.##.##o#
....# #.##.##.#
.##.####
#.##.##.#
.#.....#
#.##.##.#
.#.....#
#.......#
.......#
####.####
.......# #.#
##....<# ###.#


You could see 2 orcs.

Vanquished Creatures
  An orc priest (D:2)
  An adder (D:3)
  2 worms
  2 dart slugs (D:1)
  4 leopard geckos
  2 orcs
  A ball python (D:3)
  5 bats
  2 giant cockroaches
  6 goblins
  5 hobgoblins
  5 kobolds
  2 quokkas
  4 frilled lizards
  2 rats
44 creatures vanquished.

Vanquished Creatures (others)
  5 toadstools (D:1)
5 creatures vanquished.

Grand Total: 49 creatures vanquished

Notes
Turn   | Place    | Note
-------+----------+-------------------------------------------
     0 | D:1      | Linguinho the Demonspawn Assassin began the quest for the Orb.
     0 | D:1      | Reached XP level 1. HP: 16/16 MP: 1/1
   109 | D:1      | Reached skill level 4 in Stealth
   145 | D:1      | Gained mutation: You have a pair of small horns on your head. [demonic ancestry]
   145 | D:1      | Reached XP level 2. HP: 22/22 MP: 2/2
   868 | D:1      | Reached XP level 3. HP: 26/27 MP: 3/3
  1619 | D:3      | Reached skill level 5 in Stealth
  1709 | D:3      | Reached XP level 4. HP: 29/33 MP: 4/4
  1813 | D:2      | HP: 1/33 [orc priest/dagger (1)]
  2115 | D:2      | Slain by an orc

Skill      XL: |  1  2  3 |
---------------+----------+-----
Stealth        | 4 5 |  5.4
Short Blades   | 2 |  2.4
Fighting       | |  2.0
Throwing       | |  1.7
Dodging        | |  0.8

Action                   |  1- 3 |  4- 6 || total
-------------------------+-------+-------++-------
Melee: Dagger            |   103 |    23 ||   126
       Headbutt          |     9 |     2 ||    11
 Stab: Sleeping          |    15 |       ||    15
  Eat: Chunk             |     2 |       ||     2
       Bread ration      |       |     1 ||     1
Armor: Robe              |    20 |     4 ||    24
Dodge: Dodged            |    41 |    20 ||    61
